AoeStats
← Rafaelbdoo

Arabia

506011149Analyzed
1v1 RM · 22d ago on Sep 12, 2026· 62m 2s· 2 players
Game mode
Random Map
Map size
Tiny (2 player)
Population
200
Speed
Normal
Resources
Standard
Victory
Conquest
Starting age
Dark Age
Ending age
Imperial Age
RankedLock teamsTeams togetherTeam positionsShared explorationLock speedFull tech treeHidden civsTurbo modeCheats
Victory
Defeat
🇺🇸 Celts · United States
623
+16
🇧🇷 Cumans · Brazil
618
-16
Rafaelbdoo
11:46 Feudal Age
12:25 Horse Collar
12:34 Double-Bit Axe
23:43 Castle Age
22:11 Scale Mail Armor
23:20 Forging
23:08 Stone Mining
23:48 Fletching
24:35 Padded Archer Armor
24:25 Pikeman
25:55 Bow Saw
26:55 Scale Barding Armor
39:27 Squires
39:42 Bloodlines
43:02 Chain Barding Armor
42:39 Bodkin Arrow
45:35 Heavy Plow
46:18 Wheelbarrow
46:59 Leather Archer Armor
49:27 Imperial Age
48:43 Hand Cart
50:34 Elite Steppe Lancer
50:47 Elite Kipchak
51:56 Loom
52:35 Gold Mining
53:31 Crop Rotation
53:18 Steppe Husbandry
53:42 Halberdier
57:58 Cavalier
hydrator1
4:57 Loom
12:22 Feudal Age
17:10 Double-Bit Axe
17:15 Horse Collar
18:22 Fletching
21:28 Castle Age
20:35 Gold Mining
20:53 Padded Archer Armor
21:38 Pikeman
25:02 Crossbowman
28:45 Arson
33:37 Bow Saw
39:18 Imperial Age
36:39 Elite Skirmisher
37:55 Bodkin Arrow
38:16 Leather Archer Armor
38:13 Forging
38:04 Scale Mail Armor
39:23 Halberdier
39:50 Gambesons
42:51 Ballistics
43:32 Stone Mining
43:49 Treadmill Crane
48:47 Gold Shaft Mining
48:48 Stone Shaft Mining
55:37 Man-at-Arms
59:58 Long Swordsman
61:52 Two-Handed Swordsman
Connection lost

Rejoining the realm…

Still unreachable

The connection could not be restored.

Session expired

The server has moved on; the page needs a fresh start.